[Event "EYCC 2017"]
[Site "Mamaia"]
[Date "2017.09.05"]
[Round "1"]
[White "Eizaguerri Floris, Maria"]
[Black "Moiseeva, Olesya"]
[Result "1-0"]
[ECO "C42"]
[WhiteElo "2098"]
[BlackElo "1757"]
[Annotator "NA RC"]
[PlyCount "49"]
[EventDate "2017.??.??"]
[EventType "swiss"]
[EventCountry "ROU"]
[SourceTitle "playchess.com"]
[Source "ChessBase"]
[SourceQuality "1"]
[TimeControl "40/5400+30:1800+30"]

1. e4 e5 2. Nf3 Nf6 3. Nxe5 d6 4. Nf3 Nxe4 5. Bd3 Nc5 6. Be2 d5 7. d4 Ne4 8. O-O Bd6 9. Bd3 Be6 10. Re1 f5 11. Ng5 Nxg5 12. Bxg5 Qxg5 13. Rxe6+ Kf7 14. Rxd6 cxd6 15. Nc3 Nc6 16. Nxd5 Rad8 17. c3 Ne7 18. Qb3 Rhe8 19. Nc7+ Kg6 20. Nxe8 Rxe8 21. Qe6+ Qf6 22. Bxf5+ Nxf5 23. Qxe8+ Qf7 24. Qxf7+ Kxf7 25. Re1 1-0

[Event "EYCC 2017"]
[Site "Mamaia"]
[Date "2017.09.05"]
[Round "1"]
[White "Allahverdiyeva, Ayan"]
[Black "Zavivaeva, Emilia"]
[Result "0-1"]
[ECO "C00"]
[WhiteElo "2082"]
[BlackElo "1582"]
[Annotator "NA RC"]
[PlyCount "102"]
[EventDate "2017.??.??"]
[EventType "swiss"]
[EventCountry "ROU"]
[SourceTitle "playchess.com"]
[Source "ChessBase"]
[SourceQuality "1"]
[TimeControl "40/5400+30:1800+30"]

1. e4 e6 2. d3 d5 3. Nd2 c5 4. Ngf3 Nc6 5. g3 Bd6 6. Bg2 Nge7 7. h4 Bd7 8. O-O O-O 9. Re1 Qc7 10. Qe2 f6 11. Nf1 b5 12. c3 c4 13. Rd1 Rad8 14. exd5 exd5 15. Ne3 Rfe8 16. Qf1 Be6 17. b3 cxb3 18. axb3 d4 19. cxd4 Bxb3 20. Bb2 Bxd1 21. Qxd1 Nb4 22. Qb3+ Kh8 23. h5 Ng8 24. d5 a5 25. Rc1 Qf7 26. Nd4 a4 27. Qc3 Na2 28. Qc6 Nxc1 29. Ne6 Ne2+ 30. Kf1 Nxg3+ 31. fxg3 Rxe6 32. dxe6 Qxe6 33. Bd4 Rc8 34. Qd5 Qd7 35. Nf5 Ne7 36. Nxe7 Qxe7 37. Be4 Be5 38. h6 Bxd4 39. Qxd4 a3 40. Qf2 Rc1+ 41. Kg2 Qc5 42. hxg7+ Kxg7 43. d4 Qc4 44. Qf5 Qe2+ 45. Kh3 Qf1+ 46. Qxf1 Rxf1 47. Bd5 Rh1+ 48. Kg4 f5+ 49. Kxf5 Rh5+ 50. Kg4 Rxd5 51. Kh4 a2 0-1

[Event "EYCC 2017"]
[Site "Mamaia"]
[Date "2017.09.05"]
[Round "1"]
[White "Muetsch, Annmarie"]
[Black "Plaza Reino, Mercedes"]
[Result "1-0"]
[ECO "B42"]
[WhiteElo "2049"]
[BlackElo "1824"]
[Annotator "NA RC"]
[PlyCount "49"]
[EventDate "2017.??.??"]
[EventType "swiss"]
[EventCountry "ROU"]
[SourceTitle "playchess.com"]
[Source "ChessBase"]
[SourceQuality "1"]
[TimeControl "40/5400+30:1800+30"]

1. e4 c5 2. Nf3 e6 3. d4 cxd4 4. Nxd4 a6 5. Bd3 Nf6 6. O-O Qc7 7. Qe2 d6 8. c4 Be7 9. Nc3 O-O 10. Be3 Nbd7 11. f4 b6 12. Rac1 Bb7 13. Bf2 Rac8 14. Kh1 Rfd8 15. b3 Nc5 16. Bb1 Qb8 17. Bh4 Ncd7 18. Nf3 Re8 19. Qe1 Bf8 20. Bxf6 Nxf6 21. e5 Nd7 22. Bxh7+ Kh8 23. Qh4 Be7 24. Qh5 Nf8 25. Bg6+ 1-0

[Event "EYCC 2017"]
[Site "Mamaia"]
[Date "2017.09.05"]
[Round "1"]
[White "Krasteva, Beloslava"]
[Black "Maciulaityte, Barbora"]
[Result "1-0"]
[ECO "D10"]
[WhiteElo "2048"]
[BlackElo "1596"]
[Annotator "NA RC"]
[PlyCount "59"]
[EventDate "2017.??.??"]
[EventType "swiss"]
[EventCountry "ROU"]
[SourceTitle "playchess.com"]
[Source "ChessBase"]
[SourceQuality "1"]
[TimeControl "40/5400+30:1800+30"]

1. d4 d5 2. c4 c6 3. cxd5 cxd5 4. Nf3 Nf6 5. Nc3 g6 6. Bf4 Bg7 7. e3 O-O 8. Qb3 Nc6 9. Bd3 e6 10. h3 a6 11. Rc1 b5 12. O-O Bd7 13. a4 b4 14. Na2 a5 15. Bb5 Qb6 16. Rc2 Rac8 17. Rfc1 Qb7 18. Qd3 Nb8 19. Bxd7 Nbxd7 20. b3 Ne4 21. Rc7 Ndc5 22. R7xc5 Nxc5 23. dxc5 Rfe8 24. Bd6 e5 25. Qb5 Qxb5 26. axb5 e4 27. Nd4 Bf8 28. Bxf8 Kxf8 29. c6 Ke7 30. b6 1-0

[Event "EYCC 2017"]
[Site "Mamaia"]
[Date "2017.09.05"]
[Round "1"]
[White "Bulatova, Kamaliya"]
[Black "Shehzad, Alisha"]
[Result "1-0"]
[ECO "D00"]
[WhiteElo "2014"]
[BlackElo "1595"]
[Annotator "NA RC"]
[PlyCount "87"]
[EventDate "2017.??.??"]
[EventType "swiss"]
[EventCountry "ROU"]
[SourceTitle "playchess.com"]
[Source "ChessBase"]
[SourceQuality "1"]
[TimeControl "40/5400+30:1800+30"]

1. d4 d5 2. Bf4 Nf6 3. e3 c5 4. c3 e6 5. Nd2 Nc6 6. Ngf3 Bd6 7. Bg3 O-O 8. Bd3 b6 9. Qe2 a6 10. e4 dxe4 11. Nxe4 Be7 12. Nxf6+ gxf6 13. Qe4 f5 14. Qxc6 Bd7 15. Qc7 Qxc7 16. Bxc7 b5 17. Bf4 c4 18. Bc2 Bc6 19. Ne5 Bb7 20. Rg1 h5 21. Bd1 h4 22. g4 hxg3 23. Rxg3+ Kh7 24. Bh5 Rg8 25. Bxf7 Rxg3 26. hxg3 Bd5 27. Ke2 Kg7 28. g4 fxg4 29. Rg1 Bf6 30. Rxg4+ Kf8 31. Bh5 Ke7 32. Rg6 Rh8 33. Bf3 Bxf3+ 34. Nxf3 Rh1 35. Rg1 Rh8 36. Ne5 Rc8 37. Rh1 Kf8 38. Nd7+ Kf7 39. Nxf6 Kxf6 40. Be5+ Kg6 41. Rg1+ Kf5 42. Rg7 Rc6 43. Ke3 Rb6 44. f4 {Ke4+ Kxe4} 1-0

[Event "EYCC 2017"]
[Site "Mamaia"]
[Date "2017.09.05"]
[Round "1"]
[White "Wikar, Martyna"]
[Black "Stan, Luciana-Gabriela"]
[Result "1-0"]
[ECO "B41"]
[WhiteElo "1950"]
[BlackElo "1510"]
[Annotator "NA RC"]
[PlyCount "73"]
[EventDate "2017.??.??"]
[EventType "swiss"]
[EventCountry "ROU"]
[SourceTitle "playchess.com"]
[Source "ChessBase"]
[SourceQuality "1"]
[TimeControl "40/5400+30:1800+30"]

1. e4 c5 2. Nf3 e6 3. d4 cxd4 4. Nxd4 a6 5. c4 Nf6 6. Nc3 Qc7 7. Be2 Bb4 8. f3 Bxc3+ 9. bxc3 O-O 10. Bg5 Qa5 11. Qd2 d6 12. Nb3 Qc7 13. Rd1 Ne8 14. c5 d5 15. exd5 exd5 16. Bf4 Qc6 17. Qxd5 Qa4 18. Nd4 Qa5 19. Qc4 Bd7 20. O-O Nf6 21. Bg5 Ba4 22. Nb3 Bxb3 23. axb3 Nbd7 24. b4 Qc7 25. Qf4 Qxf4 26. Bxf4 Rfe8 27. Kf2 Ne5 28. Rfe1 Nh5 29. Bxe5 Rxe5 30. Bc4 Rxe1 31. Rxe1 Kf8 32. Bd5 Rb8 33. g3 Nf6 34. c4 h6 35. f4 b5 36. c6 Rc8 37. Bf3 1-0

[Event "EYCC 2017"]
[Site "Mamaia"]
[Date "2017.09.05"]
[Round "1"]
[White "Can, Isil"]
[Black "Hina, Ariza"]
[Result "1-0"]
[ECO "C50"]
[WhiteElo "1945"]
[BlackElo "1525"]
[Annotator "NA RC"]
[PlyCount "73"]
[EventDate "2017.??.??"]
[EventType "swiss"]
[EventCountry "ROU"]
[SourceTitle "playchess.com"]
[Source "ChessBase"]
[SourceQuality "1"]
[TimeControl "40/5400+30:1800+30"]

1. e4 e5 2. Nf3 Nc6 3. Bc4 Nf6 4. d3 Bc5 5. Nbd2 d6 6. c3 O-O 7. Bb3 Bg4 8. h3 Bh5 9. Nf1 d5 10. Qe2 dxe4 11. dxe4 Bg6 12. Ng3 Qd7 13. O-O Rad8 14. Bc2 Nh5 15. Nxh5 Bxh5 16. g4 Bg6 17. Nh4 Qe7 18. Nf5 Bxf5 19. exf5 Rfe8 20. Be4 Qd6 21. Bg5 f6 22. Bh4 Qd2 23. Qc4+ Kh8 24. Qxc5 Qxb2 25. Rab1 Qd2 26. Rxb7 Nb8 27. Qxc7 Qh6 28. Bg3 Rc8 29. Qf7 Rf8 30. Qe7 Rce8 31. Qb4 Qxh3 32. Bg2 Qh6 33. Rb1 g6 34. fxg6 Qxg6 35. Be4 Qg5 36. Rxh7+ Kg8 37. Qc4+ 1-0

[Event "EYCC 2017"]
[Site "Mamaia"]
[Date "2017.09.05"]
[Round "1"]
[White "Milikow, Elie"]
[Black "Shapovalovi, Vasiko"]
[Result "1-0"]
[ECO "B88"]
[WhiteElo "1939"]
[BlackElo "1459"]
[Annotator "NA RC"]
[PlyCount "147"]
[EventDate "2017.??.??"]
[EventType "swiss"]
[EventCountry "ROU"]
[SourceTitle "playchess.com"]
[Source "ChessBase"]
[SourceQuality "1"]
[TimeControl "40/5400+30:1800+30"]

1. e4 c5 2. Nf3 Nc6 3. d4 cxd4 4. Nxd4 Nf6 5. Nc3 d6 6. Bc4 e6 7. Bb3 Be7 8. O-O O-O 9. h3 a6 10. Re1 Qc7 11. Nxc6 bxc6 12. Bf4 e5 13. Bh2 Be6 14. Qe2 a5 15. Kh1 Rad8 16. f4 Bxb3 17. axb3 exf4 18. Bxf4 Nd7 19. Qf2 Ne5 20. Ra2 Ra8 21. Rea1 Ra6 22. Qe2 Rfa8 23. Nd1 Bf6 24. Bd2 R6a7 25. Qe1 Bd8 26. Be3 Ra6 27. Qe2 h6 28. b4 Qb7 29. Bd2 a4 30. b3 a3 31. c3 c5 32. b5 R6a7 33. Bc1 Bg5 34. Rxa3 Rxa3 35. Bxa3 Ra5 36. b4 cxb4 37. cxb4 Rxb5 38. Nc3 Rxb4 39. Bxb4 Qxb4 40. Nd5 Qc4 41. Qxc4 Nxc4 42. Ra4 Ne3 43. h4 Nxd5 44. hxg5 Nc7 45. gxh6 gxh6 46. Kh2 Kg7 47. Kg3 Kf6 48. Kf4 Ne6+ 49. Ke3 Nc5 50. Rd4 Nb7 51. Rd5 Kg6 52. Rb5 Nd8 53. Rb6 f6 54. Rxd6 Nf7 55. Rd5 Ne5 56. Kf4 Nf7 57. Rd7 Ne5 58. Rd6 Nf7 59. Re6 Ng5 60. Re7 Nf7 61. g4 Ng5 62. e5 fxe5+ 63. Rxe5 Nh3+ 64. Kg3 Ng5 65. Ra5 Nf7 66. Kf4 Kg7 67. Ra7 Kg6 68. Ra6+ Kg7 69. Kf5 h5 70. g5 h4 71. Ra7 h3 72. g6 h2 73. Rxf7+ Kg8 74. Rh7 1-0

[Event "EYCC 2017"]
[Site "Mamaia"]
[Date "2017.09.05"]
[Round "1"]
[White "Mircheva, Nona"]
[Black "Rozman, Monika"]
[Result "0-1"]
[ECO "B98"]
[WhiteElo "1906"]
[BlackElo "2082"]
[Annotator "NA RC"]
[PlyCount "60"]
[EventDate "2017.??.??"]
[EventType "swiss"]
[EventCountry "ROU"]
[SourceTitle "playchess.com"]
[Source "ChessBase"]
[SourceQuality "1"]
[TimeControl "40/5400+30:1800+30"]

1. e4 c5 2. Nf3 d6 3. d4 cxd4 4. Nxd4 Nf6 5. Nc3 a6 6. Bg5 e6 7. f4 Be7 8. Qf3 Qc7 9. O-O-O Nc6 10. Nb3 O-O 11. g4 b5 12. h4 Bb7 13. Bxf6 Bxf6 14. g5 Be7 15. h5 b4 16. Ne2 Rac8 17. Rd2 d5 18. Ng3 a5 19. Bb5 a4 20. Bxa4 Ra8 21. Bxc6 Qxc6 22. Kb1 dxe4 23. Qe3 Rfc8 24. h6 Qa4 25. Rd4 Qxa2+ 26. Kc1 Ra3 27. Rd7 Rxb3 28. Qd4 Bf6 29. gxf6 Rd3 30. Qxd3 exd3 0-1

[Event "EYCC 2017"]
[Site "Mamaia"]
[Date "2017.09.05"]
[Round "1"]
[White "Fiszer, Bartosz"]
[Black "Kayan, Yasar Efe"]
[Result "1/2-1/2"]
[ECO "B45"]
[WhiteElo "1901"]
[BlackElo "1421"]
[Annotator "NA RC"]
[PlyCount "119"]
[EventDate "2017.??.??"]
[EventType "swiss"]
[EventCountry "ROU"]
[SourceTitle "playchess.com"]
[Source "ChessBase"]
[SourceQuality "1"]
[TimeControl "40/5400+30:1800+30"]

1. e4 c5 2. Nf3 e6 3. d4 cxd4 4. Nxd4 Nc6 5. Nc3 Bb4 6. Ndb5 Nf6 7. a3 Bxc3+ 8. Nxc3 d5 9. exd5 Nxd5 10. Bd2 O-O 11. Bd3 Nce7 12. Qh5 Ng6 13. Qf3 b6 14. h4 Qf6 15. Qxf6 Nxf6 16. Ne4 Nd5 17. Nd6 Rd8 18. Nxc8 Raxc8 19. O-O-O Ndf4 20. Bxf4 Nxf4 21. Ba6 Rb8 22. Rxd8+ Rxd8 23. g3 Ng6 24. Rd1 Rxd1+ 25. Kxd1 f5 26. Ke2 Kf7 27. Ke3 Kf6 28. Kd4 Ne7 29. Bb7 e5+ 30. Kc4 f4 31. g4 Ke6 32. Be4 g6 33. Kb5 Nc8 34. Kc6 Nd6 35. Bd5+ Ke7 36. f3 e4 37. fxe4 f3 38. e5 Nf7 39. Kb7 f2 40. Bg2 Nxe5 41. Kxa7 Nxg4 42. Kxb6 Ne3 43. Bh3 h6 44. Kc5 g5 45. hxg5 hxg5 46. Kd4 Nxc2+ 47. Kd3 g4 48. Bf1 Ne1+ 49. Ke3 g3 50. a4 g2 51. Bxg2 Nxg2+ 52. Kxf2 Nf4 53. Ke3 Nd5+ 54. Kd4 Kd6 55. a5 Nc7 56. Kc4 Kc6 57. Kb4 Na6+ 58. Kc4 Nc7 59. b4 Nb5 60. Kb3 1/2-1/2

[Event "EYCC 2017"]
[Site "Mamaia"]
[Date "2017.09.05"]
[Round "1"]
[White "Reuter, Elisa"]
[Black "Jovanovic, Anja"]
[Result "1-0"]
[ECO "C54"]
[WhiteElo "1882"]
[BlackElo "1491"]
[Annotator "NA RC"]
[PlyCount "121"]
[EventDate "2017.??.??"]
[EventType "swiss"]
[EventCountry "ROU"]
[SourceTitle "playchess.com"]
[Source "ChessBase"]
[SourceQuality "1"]
[TimeControl "40/5400+30:1800+30"]

1. e4 e5 2. Nf3 Nc6 3. Bc4 Bc5 4. c3 Nf6 5. d3 d6 6. O-O O-O 7. Bb3 Bg4 8. h3 Bh5 9. Re1 Re8 10. Nbd2 d5 11. exd5 Nxd5 12. Ne4 Bb6 13. Ng3 Bg6 14. Bg5 Qd6 15. Ne4 Bxe4 16. dxe4 Nde7 17. Qxd6 cxd6 18. Rad1 Rad8 19. Rd2 h6 20. Be3 Bxe3 21. Rxe3 a6 22. Red3 Nc8 23. Nh4 Rd7 24. Nf5 Red8 25. Rg3 Kh8 26. Rxg7 f6 27. Rxd7 Rxd7 28. Be6 Rc7 29. Bxc8 Rxc8 30. Rxd6 Rd8 31. Rxd8+ Nxd8 32. Nxh6 Kg7 33. Nf5+ Kg6 34. f3 Ne6 35. Ne7+ Kf7 36. Nd5 Nc5 37. b4 Na4 38. Kf2 Ke6 39. g4 Kf7 40. Kg3 Nb2 41. h4 Nd3 42. h5 Kg7 43. a4 Nb2 44. a5 Nc4 45. f4 exf4+ 46. Kxf4 Ne5 47. Kf5 Nf7 48. Nxf6 Nh6+ 49. Ke6 Nf7 50. Ne8+ Kf8 51. Nd6 Ng5+ 52. Kf5 Nf3 53. g5 Nh4+ 54. Kg4 Ng2 55. Nxb7 Ne3+ 56. Kf3 Nc4 57. Nc5 Ne5+ 58. Kf4 Nf7 59. b5 axb5 60. a6 Kg7 61. a7 1-0

[Event "EYCC 2017"]
[Site "Mamaia"]
[Date "2017.09.05"]
[Round "1"]
[White "Toth, Nikoletta"]
[Black "Dakic, Marta"]
[Result "1/2-1/2"]
[ECO "C41"]
[WhiteElo "1864"]
[BlackElo "1602"]
[Annotator "NA RC"]
[PlyCount "112"]
[EventDate "2017.??.??"]
[EventType "swiss"]
[EventCountry "ROU"]
[SourceTitle "playchess.com"]
[Source "ChessBase"]
[SourceQuality "1"]
[TimeControl "40/5400+30:1800+30"]

1. e4 e5 2. Nf3 d6 3. d4 exd4 4. Nxd4 Nf6 5. Nc3 Nc6 6. Nxc6 bxc6 7. Bd3 Be7 8. O-O O-O 9. f4 d5 10. e5 Bc5+ 11. Kh1 Ng4 12. Qe1 f6 13. h3 Nf2+ 14. Kh2 Nxd3 15. cxd3 fxe5 16. fxe5 Rxf1 17. Qxf1 Qe7 18. Qe2 Bd4 19. Bf4 Bd7 20. Re1 Rf8 21. Qd2 Qf7 22. Ne2 Bf2 23. Rf1 Bh4 24. Rf3 Be7 25. Qe3 c5 26. Bg3 Qe6 27. Nf4 Qc6 28. e6 d4 29. Qe5 Bd6 30. Qg5 Bxf4 31. Bxf4 Qxe6 32. Be5 Rf7 33. Rxf7 Qxf7 34. Qd8+ Be8 35. Bxc7 Qd7 36. Qxd7 Bxd7 37. Bd6 Be6 38. Bxc5 Bxa2 39. Bxd4 Bb1 40. Bxa7 Bxd3 41. b4 Kf7 42. Kg3 g6 43. Kf3 Ke6 44. g4 Ke5 45. Bc5 Be4+ 46. Kg3 Bd3 47. Kf3 Be4+ 48. Ke3 Bg2 49. h4 h5 50. gxh5 gxh5 51. b5 Kd5 52. Bd4 Bf1 53. b6 Kc6 54. Ke4 Kb7 55. Ke5 Be2 56. Kd6 Bf3 1/2-1/2

[Event "EYCC 2017"]
[Site "Mamaia"]
[Date "2017.09.05"]
[Round "1"]
[White "Kobald, Jacqueline"]
[Black "Shafigullina, Zarina"]
[Result "0-1"]
[ECO "B33"]
[WhiteElo "1833"]
[BlackElo "2086"]
[Annotator "NA RC"]
[PlyCount "120"]
[EventDate "2017.??.??"]
[EventType "swiss"]
[EventCountry "ROU"]
[SourceTitle "playchess.com"]
[Source "ChessBase"]
[SourceQuality "1"]
[TimeControl "40/5400+30:1800+30"]

1. e4 c5 2. Nf3 Nc6 3. d4 cxd4 4. Nxd4 Nf6 5. Nc3 e5 6. Ndb5 d6 7. Bg5 a6 8. Na3 b5 9. Nd5 Be7 10. Bxf6 Bxf6 11. c3 O-O 12. Nc2 Rb8 13. Be2 Bg5 14. O-O Kh8 15. Bg4 g6 16. Nce3 f5 17. Bf3 f4 18. Nc2 a5 19. Qd2 Ne7 20. Rad1 Bb7 21. Qe2 Bc8 22. b3 Be6 23. Nxe7 Bxe7 24. Na3 Qb6 25. c4 b4 26. Nb5 Bd7 27. Bg4 Be8 28. Be6 Rf6 29. Bg4 h5 30. Bf3 Kg7 31. h3 Rc8 32. Rc1 Rc5 33. Qd1 Bd7 34. Qd3 Kh6 35. Rfd1 Qb8 36. Qe2 Qc8 37. Qd2 g5 38. Be2 Rg6 39. f3 Kg7 40. Bf1 g4 41. hxg4 hxg4 42. Kf2 Bh4+ 43. Ke2 Rxb5 44. cxb5 Bxb5+ 45. Rc4 Bxc4+ 46. bxc4 Qxc4+ 47. Qd3 Qxa2+ 48. Rd2 Qa1 49. Rd1 Qb2+ 50. Rd2 Qc1 51. Rd1 Qc5 52. Kd2 Bf2 53. Qc4 gxf3 54. gxf3 a4 55. Qxc5 dxc5 56. Bb5 a3 57. Bc4 Bd4 58. Kc2 Kf6 59. Rh1 Rg2+ 60. Kb1 Rb2+ 0-1

[Event "EYCC 2017"]
[Site "Mamaia"]
[Date "2017.09.05"]
[Round "1"]
[White "Pawicka, Magdalena"]
[Black "Muradyan, Anahit"]
[Result "1-0"]
[ECO "C18"]
[WhiteElo "1790"]
[BlackElo "1306"]
[Annotator "NA RC"]
[PlyCount "133"]
[EventDate "2017.??.??"]
[EventType "swiss"]
[EventCountry "ROU"]
[SourceTitle "playchess.com"]
[Source "ChessBase"]
[SourceQuality "1"]
[TimeControl "40/5400+30:1800+30"]

1. e4 e6 2. d4 d5 3. Nc3 Bb4 4. e5 c5 5. a3 Bxc3+ 6. bxc3 Ne7 7. Qg4 O-O 8. Bd3 c4 9. Be2 Nbc6 10. Nf3 Qa5 11. Bd2 Qa4 12. Kd1 f6 13. h4 fxe5 14. dxe5 Qa5 15. h5 Qb6 16. Be3 Qc7 17. Bd4 Nxd4 18. cxd4 h6 19. Rh3 Nf5 20. Nh4 Nxh4 21. Qxh4 Bd7 22. Rf3 Rxf3 23. Bxf3 Qb6 24. Kc1 Qd8 25. Qxd8+ Rxd8 26. Kd2 Rf8 27. Ke3 Kh7 28. Rh1 g6 29. hxg6+ Kxg6 30. Rh3 Rf5 31. Bg4 Rg5 32. Bf3 Kh7 33. Rh4 a5 34. Rf4 b5 35. Rf8 Rg8 36. Rxg8 Kxg8 37. Kd2 b4 38. axb4 axb4 39. Bg4 Kg7 40. Kc1 Kg6 41. f4 Kf7 42. Bh5+ Ke7 43. Bf3 Bc6 44. Bg4 Be8 45. Kb2 Bg6 46. Kc1 Kd7 47. Kb2 Bf7 48. Ka2 Kc6 49. Kb2 Kb5 50. Bh3 h5 51. g4 hxg4 52. Bxg4 Ka4 53. f5 exf5 54. Bxf5 Kb5 55. Bd7+ Kb6 56. e6 Bxe6 57. Bxe6 Kc6 58. Bg8 Kd6 59. Kc1 Kc6 60. Kd2 Kd6 61. Ke3 Kc6 62. Kf4 c3 63. Bh7 Kd6 64. Bd3 Ke6 65. Kg5 Kd6 66. Kf6 Kc6 67. Ke6 1-0

[Event "EYCC 2017"]
[Site "Mamaia"]
[Date "2017.09.05"]
[Round "1"]
[White "Alexandru, Stefan"]
[Black "Royal, Shreyas"]
[Result "1-0"]
[ECO "E70"]
[WhiteElo "1777"]
[BlackElo "1724"]
[Annotator "NA RC"]
[PlyCount "67"]
[EventDate "2017.??.??"]
[EventType "swiss"]
[EventCountry "ROU"]
[SourceTitle "playchess.com"]
[Source "ChessBase"]
[SourceQuality "1"]
[TimeControl "40/5400+30:1800+30"]

1. d4 Nf6 2. c4 g6 3. Nc3 Bg7 4. e4 d6 5. Nge2 Nbd7 6. Ng3 O-O 7. Be2 e5 8. d5 Nc5 9. h4 h5 10. Bg5 Qd7 11. Qd2 Re8 12. b4 Na6 13. a3 c6 14. dxc6 bxc6 15. Rd1 Re6 16. c5 d5 17. exd5 cxd5 18. Bxf6 d4 19. Bxg7 Kxg7 20. Nce4 Bb7 21. b5 Nc7 22. c6 Bxc6 23. bxc6 Qxc6 24. Bf3 Re7 25. Rc1 Qa6 26. Nc5 Qxa3 27. Bxa8 Nxa8 28. O-O Rc7 29. Nge4 f5 30. Ne6+ Kh7 31. N4g5+ Kh6 32. Nxc7 Nxc7 33. Rxc7 Qd6 34. Rh7# 1-0

[Event "EYCC 2017"]
[Site "Mamaia"]
[Date "2017.09.05"]
[Round "1"]
[White "Rubsamen, Anais"]
[Black "Berdnyk, Mariia"]
[Result "0-1"]
[ECO "A04"]
[WhiteElo "1738"]
[BlackElo "2055"]
[Annotator "NA RC"]
[PlyCount "70"]
[EventDate "2017.??.??"]
[EventType "swiss"]
[EventCountry "ROU"]
[SourceTitle "playchess.com"]
[Source "ChessBase"]
[SourceQuality "1"]
[TimeControl "40/5400+30:1800+30"]

1. Nf3 c5 2. g3 Nc6 3. d3 d5 4. Nbd2 e5 5. Bg2 Nf6 6. e4 d4 7. O-O Bd6 8. Nc4 Bc7 9. a4 Be6 10. Na3 a6 11. Bd2 h6 12. h3 O-O 13. Ne1 Qd7 14. Kh2 Nh7 15. f4 f5 16. exf5 Rxf5 17. Be4 Rf6 18. f5 Bxf5 19. Bxf5 Rxf5 20. Qg4 Rf7 21. Qxd7 Rxd7 22. Nf3 Rf8 23. Rae1 Rdf7 24. Kg2 Nf6 25. Nc4 Nd5 26. Rf2 b5 27. axb5 axb5 28. Na3 Ba5 29. Bxa5 Ne3+ 30. Kg1 Nxa5 31. Ree2 Rxf3 32. Rxf3 Rxf3 33. Kh2 b4 34. Nb5 c4 35. dxc4 b3 0-1

[Event "EYCC 2017"]
[Site "Mamaia"]
[Date "2017.09.05"]
[Round "1"]
[White "Pipia, Ekaterine"]
[Black "Hercog, Nusa"]
[Result "0-1"]
[ECO "D46"]
[WhiteElo "1716"]
[BlackElo "2052"]
[Annotator "NA RC"]
[PlyCount "134"]
[EventDate "2017.??.??"]
[EventType "swiss"]
[EventCountry "ROU"]
[SourceTitle "playchess.com"]
[Source "ChessBase"]
[SourceQuality "1"]
[TimeControl "40/5400+30:1800+30"]

1. d4 d5 2. c4 e6 3. Nf3 Nf6 4. Nc3 c6 5. e3 Nbd7 6. Bd3 Bd6 7. e4 dxe4 8. Nxe4 Nxe4 9. Bxe4 Nf6 10. Bd3 h6 11. O-O O-O 12. Ne5 c5 13. Be3 Qc7 14. Re1 Rd8 15. Qc2 b6 16. Rad1 Bb7 17. f4 cxd4 18. Bxd4 Bb4 19. Bc3 Qc5+ 20. Kh1 Bxc3 21. Qxc3 Qf2 22. Bf1 Qxf4 23. Rxd8+ Rxd8 24. Qe3 Qh4 25. Kg1 Ng4 26. Nxg4 Qxg4 27. Qe5 Qd4+ 28. Qxd4 Rxd4 29. Re3 Rd2 30. Ra3 Be4 31. b4 Rd7 32. Kf2 Kf8 33. Ke3 f5 34. c5 bxc5 35. bxc5 Ke7 36. Ra6 Rc7 37. Kd4 Bd5 38. Bc4 Bxc4 39. Kxc4 g5 40. Rd6 h5 41. Kb5 f4 42. Rc6 Rxc6 43. Kxc6 g4 44. Kb7 f3 45. gxf3 gxf3 46. c6 f2 47. c7 f1=Q 48. c8=Q Qg2+ 49. Kxa7 Qxa2+ 50. Kb6 Qb3+ 51. Ka5 Qd5+ 52. Kb4 Qd6+ 53. Kc4 e5 54. Qb7+ Ke6 55. Qe4 Qc7+ 56. Kd3 Qd8+ 57. Ke3 Qg5+ 58. Kd3 Qf5 59. Qxf5+ Kxf5 60. Ke3 e4 61. Ke2 h4 62. Ke3 Ke5 63. Ke2 Kf4 64. Kf2 e3+ 65. Ke2 Ke4 66. Ke1 Kf3 67. h3 e2 0-1

[Event "EYCC 2017"]
[Site "Mamaia"]
[Date "2017.09.05"]
[Round "1"]
[White "Mocanu, Paula"]
[Black "Garifullina, Leya"]
[Result "0-1"]
[ECO "C17"]
[WhiteElo "1687"]
[BlackElo "1970"]
[Annotator "NA RC"]
[PlyCount "84"]
[EventDate "2017.??.??"]
[EventType "swiss"]
[EventCountry "ROU"]
[SourceTitle "playchess.com"]
[Source "ChessBase"]
[SourceQuality "1"]
[TimeControl "40/5400+30:1800+30"]

1. e4 e6 2. d4 d5 3. Nc3 Bb4 4. e5 c5 5. Nf3 cxd4 6. Nxd4 Qc7 7. Ndb5 Qxe5+ 8. Qe2 Qxe2+ 9. Kxe2 Na6 10. Be3 Nf6 11. a3 Be7 12. Bd4 O-O 13. Nxa7 Bd7 14. Nab5 Ne4 15. f3 Nxc3+ 16. Nxc3 Bd6 17. Kd2 Rfc8 18. Re1 Nc5 19. g3 Na4 20. Nxa4 Rxa4 21. Be5 Bf8 22. g4 f6 23. Bg3 e5 24. Bd3 Bc6 25. Bf5 Re8 26. g5 g6 27. Bh3 Bg7 28. gxf6 Bxf6 29. Rhf1 Kg7 30. Bg2 e4 31. c3 Bg5+ 32. f4 Bf6 33. Bf2 d4 34. Kc2 dxc3 35. Bc5 cxb2 36. Kb1 Rc4 37. Bb4 Ba4 38. Re2 Rec8 39. Bd2 Bc2+ 40. Ka2 Bd3 41. Ree1 Rc2 42. Rf2 b1=Q+ 0-1

[Event "EYCC 2017"]
[Site "Mamaia"]
[Date "2017.09.05"]
[Round "1"]
[White "Cwiek, Ryszard"]
[Black "Popov, Konstantin"]
[Result "0-1"]
[ECO "B22"]
[WhiteElo "1682"]
[BlackElo "2089"]
[Annotator "NA RC"]
[PlyCount "154"]
[EventDate "2017.??.??"]
[EventType "swiss"]
[EventCountry "ROU"]
[SourceTitle "playchess.com"]
[Source "ChessBase"]
[SourceQuality "1"]
[TimeControl "40/5400+30:1800+30"]

1. e4 c5 2. c3 d5 3. exd5 Qxd5 4. d4 e6 5. Be3 cxd4 6. cxd4 Bb4+ 7. Nc3 Bd7 8. a3 Bxc3+ 9. bxc3 Bb5 10. Bxb5+ Qxb5 11. Ne2 Nd7 12. a4 Qc6 13. O-O Ngf6 14. Qb3 Rc8 15. Rfb1 b6 16. a5 O-O 17. axb6 axb6 18. Ra7 h6 19. Ra4 Ra8 20. Rba1 Rxa4 21. Qxa4 b5 22. Qb3 Nd5 23. Rb1 Rb8 24. Kf1 Rb6 25. Bd2 N7f6 26. f3 Qc7 27. Kg1 Ne8 28. Ra1 Rb8 29. Rb1 Nd6 30. Bf4 Nxf4 31. Nxf4 Nc4 32. Ne2 Nd2 33. Qc2 Nxb1 34. Qxb1 Qc4 35. Kf2 b4 36. Ke3 b3 37. Qb2 Qa4 38. Nc1 Qa5 39. f4 Qh5 40. g3 Qd1 41. Ke4 Qe1+ 42. Kd3 Qf1+ 43. Ke3 Rb5 44. Nd3 Qg1+ 45. Kf3 Qd1+ 46. Ke3 Ra5 47. Nc1 g6 48. Kf2 Ra1 49. Qxa1 Qc2+ 50. Ne2 b2 51. Qa8+ Kg7 52. Qb8 b1=Q 53. Qe5+ Kg8 54. d5 Qb6+ 55. Ke1 Qf5 56. dxe6 Qxe5 57. exf7+ Kxf7 58. fxe5 Qe3 59. Kd1 Qxe5 60. Kd2 g5 61. Nd4 Qe4 62. Ne2 Qg2 63. h4 gxh4 64. gxh4 Qg4 65. h5 Qxh5 66. Kd3 Qf3+ 67. Kd2 h5 68. c4 h4 69. c5 h3 70. c6 Qxc6 71. Ng3 Qf3 72. Ne2 h2 73. Nd4 Qd5 74. Kc3 h1=Q 75. Kc2 Qxd4 76. Kb3 Qb1+ 77. Ka3 Qdb4# 0-1

[Event "EYCC 2017"]
[Site "Mamaia"]
[Date "2017.09.05"]
[Round "1"]
[White "Mikic, Ivana"]
[Black "Miroshnik, Ekaterina"]
[Result "0-1"]
[ECO "C11"]
[WhiteElo "1636"]
[BlackElo "2006"]
[Annotator "NA RC"]
[PlyCount "54"]
[EventDate "2017.??.??"]
[EventType "swiss"]
[EventCountry "ROU"]
[SourceTitle "playchess.com"]
[Source "ChessBase"]
[SourceQuality "1"]
[TimeControl "40/5400+30:1800+30"]

1. e4 e6 2. d4 d5 3. Nc3 Nf6 4. e5 Nfd7 5. f4 c5 6. Nf3 Nc6 7. Be3 Be7 8. Qd2 a6 9. h4 cxd4 10. Bxd4 Nxd4 11. Qxd4 Bc5 12. Qd2 Qc7 13. Ne2 Qb6 14. c3 Be3 15. Qc2 Nc5 16. Nfd4 Qxb2 17. Qxb2 Nd3+ 18. Kd1 Nxb2+ 19. Kc2 Nc4 20. Rh3 f6 21. Kd3 fxe5 22. fxe5 Bh6 23. Nf3 O-O 24. g4 Rxf3+ 25. Rxf3 Nxe5+ 26. Kc2 Nxf3 27. g5 Nxg5 0-1